 Dungeon Crawl Stone Soup version 0.25-a0-842-g81a31cfd23 (webtiles) character file.

Game seed: 7602149371657591747, levelgen mode: deterministic

97199 rayg00n the Blocker (level 16, 0/129 HPs)
             Began as a Formicid Abyssal Knight on Apr 24, 2020.
             Was a Priest of Lugonu.
             Slain by a spectral swamp drake (4 damage)
             ... called from beyond by a ghost crab
             ... on level 4 of the Swamp.
             The game lasted 01:16:41 (27358 turns).

rayg00n the Blocker (Formicid Abyssal Knight)      Turns: 27358, Time: 01:16:41

Health: 0/129      AC: 19    Str: 26    XL:     16   Next: 69%
Magic:  18/25      EV: 11    Int: 13    God:    Lugonu [***...]
Gold:   2217       SH: 16    Dex: 10    Spells: 15/15 levels left

rFire    + . .     SeeInvis +   k - +10 mace of Twilight {vorpal, *Rage rElec rF+ MR++}
rCold    . . .     Gourm    .   r - +3 kite shield
rNeg     . . .     Faith    .   n - +4 chain mail
rPois    +         Spirit   .   (helmet unavailable)
rElec    +         Reflect  .   (no cloak)
rCorr    .         Harm     .   (no gloves)
MR       +++..                  q - +2 pair of boots
Stlth    ..........             p - amulet of regeneration
HPRegen  0.71/turn              H - ring of poison resistance
MPRegen  0.19/turn              W - +3 ring of strength

@: drained, very slow
A: permanent stasis, dig shafts and tunnels, four strong arms, antennae 3
a: Dig, Shaft Self, Depart the Abyss, Bend Space, Banish, Renounce Religion


You were on level 4 of the Swamp.
You worshipped Lugonu.
Lugonu was most pleased with you.
You were not hungry.

You visited 5 branches of the dungeon, and saw 25 of its levels.
You visited the Abyss 5 times.

You collected 3513 gold pieces.
You spent 1296 gold pieces at shops.

Inventory:

Hand Weapons
 h - a +5 dire flail of draining
 k - the +10 mace of Twilight (weapon) {vorpal, *Rage rElec rF+ MR++}
   (You found it on level 4 of the Dungeon)

   It inflicts extra damage upon your enemies.
   It protects you from fire.
   It insulates you from electricity.
   It affects your resistance to hostile enchantments.
   It may make you go berserk in combat.
 E - the +9 heavy crossbow "Sniper" {vorpal, Acc+∞ SInv}
   (You found it on level 6 of the Lair of Beasts)

   Any bolt fired from it inflicts extra damage.
   It lets you see invisible.
 I - the +5 war axe "Urchurgh" {flame, Str+5 Int+4, unknown}
   (You found it on level 6 of the Lair of Beasts)

   It has been specially enchanted to burn those struck by it, causing extra
   injury to most foes and up to half again as much damage against particularly
   susceptible opponents.
   Big, fiery blades are also staple armaments of hydra-hunters.
   It affects your strength (+5).
   It affects your intelligence (+4).
 J - the +0 quarterstaff "Deih Dist" {elec, +Blink Str+7 Int-2 Dex+3}
   (You found it on level 10 of the Dungeon)

   Occasionally, upon striking a foe, it will discharge some electrical energy
   and cause terrible harm.
   It affects your strength (+7).
   It affects your intelligence (-2).
   It affects your dexterity (+3).
   It lets you blink.
Missiles
 e - 10 atropa-tipped darts
 t - 106 poisoned darts (quivered)
 K - 2 throwing nets
Armour
 n - a +4 chain mail (worn)
 q - a +2 pair of boots (worn)
 r - a +3 kite shield (worn)
 V - a +2 chain mail of poison resistance
Jewellery
 m - an uncursed ring of positive energy
 p - an amulet of regeneration (around neck)
 u - an uncursed ring of ice
 v - a +2 amulet of reflection
 H - a ring of poison resistance (left hand)
 Q - an uncursed ring of flight
 R - a +2 ring of intelligence {unknown}
 T - the ring of Xom's Best Wishes {*Contam rC+ Dex+5}
   (You bought it in a shop on level 2 of the Orcish Mines)

   [ring of protection from cold]

   It affects your dexterity (+5).
   It protects you from cold.
   It causes magical contamination when unequipped.
 W - a +3 ring of strength (right hand)
 X - an uncursed ring of magical power {unknown}
 Y - an uncursed amulet of the gourmand {unknown}
Wands
 f - a wand of random effects (7)
 i - a wand of scattershot (2)
 x - a wand of paralysis (33)
 y - a wand of iceblast (16)
 A - a wand of flame (12)
 C - a wand of polymorph (19)
 L - a wand of disintegration (5)
 S - a wand of acid (7)
Scrolls
 d - 17 scrolls of remove curse
 l - 5 scrolls of amnesia
 z - 2 scrolls of noise
 D - 3 scrolls of blinking
 F - 3 scrolls of fog
 O - 3 scrolls of vulnerability
 U - 2 scrolls of identify
Potions
 a - 4 potions of berserk rage
 b - 2 potions of stabbing
 g - 3 potions of resistance
 j - 2 potions of brilliance
 o - a potion of degeneration
 s - a potion of curing
 w - a potion of flight
 B - 2 potions of might
 G - a potion of mutation {unknown}
 M - 2 potions of experience {unknown}
 N - 2 potions of cancellation
Miscellaneous
 P - a phial of floods
Comestibles
 c - 36 rations


   Skills:
 + Level 12.7(11.7) Fighting
 + Level 14.7(13.6) Maces & Flails
 + Level 1.1(8.9) Staves
 * Level 12.5(11.4) Armour
 * Level 7.5(6.5) Dodging
 + Level 3.0(2.2) Stealth
 + Level 14.9(13.7) Shields
 + Level 12.0(10.9) Invocations
 + Level 1.1(0.3) Evocations


You had 15 spell levels left.
You didn't know any spells.
Your spell library contained the following spells:

 Spells                   Type           Power        Failure   Level  Hunger
 Beastly Appendage        Tmut           #.....       80%         1    ##.....
 Corona                   Hex            #......      80%         1    ##.....
 Foxfire                  Conj/Fire      #...         80%         1    ##.....
 Magic Dart               Conj           #...         80%         1    ##.....
 Sandblast                Erth           #.....       80%         1    ##.....
 Passwall                 Tmut/Erth      #.......     90%         2    ###....
 Searing Ray              Conj           #.....       90%         2    ###....
 Slow                     Hex            #.......     90%         2    ###....
 Sticks to Snakes         Tmut           #.......     90%         2    ###....
 Conjure Flame            Conj/Fire      #.......     99%         3    ####...
 Dazzling Flash           Conj/Hex       #.....       99%         3    ####...
 Ignite Poison            Fire/Tmut/Pois #.......     99%         3    ####...
 Inner Flame              Hex/Fire       #.......     99%         3    ####...
 Portal Projectile        Hex/Tloc       #.....       99%         3    ####...
 Spider Form              Tmut/Pois      #.........   99%         3    ####...
 Stone Arrow              Conj/Erth      #.....       99%         3    ####...
 Cause Fear               Hex            #.........   100%        4    #####..
 Fulminant Prism          Conj/Hex       #.........   100%        4    #####..
 Ice Form                 Ice/Tmut       #.......     100%        4    #####..
 Iskenderun's Mystic Bla  Conj/Tloc      #.......     100%        4    #####..
 Leda's Liquefaction      Hex/Erth       #.........   100%        4    #####..
 Petrify                  Tmut/Erth      #.......     100%        4    #####..
 Sticky Flame             Conj/Fire      #.......     100%        4    #####..
 Blade Hands              Tmut           #.........   100%        5    ######.
 Fireball                 Conj/Fire      #.........   100%        5    ######.
 Lee's Rapid Deconstruct  Erth           #.........   100%        5    ######.
 Starburst                Conj/Fire      #.........   100%        6    #######
 Ring of Flames           Chrm/Fire      #.........   100%        7    #######
 Ignition                 Fire           #.........   100%        8    #######


Dungeon Overview and Level Annotations

Branches:
Dungeon (12/15)            Temple (0/1) D:4            Lair (6/6) D:9
  Swamp (4/4) Lair:2        Snake (1/4) Lair:3        Slime (0/5) Lair:5
    Orc (2/2) D:9             Elf (0/3) Orc:2

Altars:
Ashenzari
Cheibriados
Makhleb
Wu Jian
Xom
The Shining One
Beogh

Shops:
D:8 *   Orc:1 !   Orc:2 =}(*

Portals:
Abyss: D:11 Swamp:1

Annotations:
D:5 Prince Ribbit
D:11 2 transporters, Nagasavi's ghost, journeyman DgFi
D:12 corrupted
Lair:4 corrupted
Lair:6 corrupted
Swamp:1 2 transporters, Esebbu's ghost, adept DsAK
Swamp:3 corrupted
Swamp:4 corrupted


Innate Abilities, Weirdness & Mutations

You cannot be hasted, slowed, berserked, paralysed or teleported.
You can dig through walls and to a lower floor.
Your four strong arms can wield two-handed weapons with a shield.
You have a pair of large antennae on your head. (SInv)


Message History

The spectral swamp drake bites you but does no damage.
The spectral blink frog hits you!
You feel drained.
* * * LOW HITPOINT WARNING * * *
The spectral swamp drake bites you.
* * * LOW HITPOINT WARNING * * *
You feel drained.
* * * LOW HITPOINT WARNING * * *
The spectral alligator snapping turtle bites you!!
* * * LOW HITPOINT WARNING * * *
Unknown command.
Lugonu's Hand of Corruption reaches out!
You feel a lot more hungry.
You can no longer corrupt the fabric of space.
The spectral swamp drake fades away!
The spectral tyrant leech fades away!
The spatial maelstrom is devoured by a tear in reality.
The ghost crab bites you but does no damage.
You block the ghost crab's attack.
You block the spectral blink frog's attack.
The spectral swamp drake bites you.
You die...

<..≈≈≈.≈♣♣♣.≈.≈
...≈≈≈≈≈.≈≈#....
♣≈....≈≈..#.≈#≈≈
♣#...≈≈≈.≈.≈≈≈.
..♣...°#...x≈§.
.≈....#☼#☼R...#
♣xX.tZZ..Zx.#≈♣
♣...@Z°XZ.#≈..
#...Z#°#.3..
♣.....X#Z°..♣ #
.....#.Z#○†.§§
..#..#§°≈4.<♣.♣
.≈.≈≈.#≈≈≈.X♣ ♣
..≈≈≈.♣...#5♣
≈.≈≈#..§≈....♣
≈≈≈≈≈≈.≈≈≈≈≈..♣


You could see a ghost crab, a spectral tyrant leech, a spectral blink frog, 3
spectral swamp drakes, a spectral alligator snapping turtle, a spectral spriggan
druid, a neutral starcursed mass, a neutral tentacled starspawn, 2 neutral large
abominations, a neutral efreet, a neutral ynoxinul, a neutral chaos spawn, 3
neutral small abominations and a neutral iron imp.

Vanquished Creatures
  Josephine (Lair:4)
  Fannar (Orc:1)
  2 shambling mangroves
  A naga warrior (Snake:1)
  6 hydras
  A centaur warrior (D:11)
  A catoblepas (Lair:5)
  5 two-headed ogres
  3 alligators
  5 death yaks (Lair:6)
  5 orc high priests (Orc:2)
  An unseen horror (D:10)
  5 swamp dragons
  7 orc knights
  An oklob plant (Lair:5)
  2 salamanders (Snake:1)
  An orc sorcerer (Orc:2)
  2 cyclopes
  2 ugly things
  2 manticores
  A guardian serpent (Snake:1)
  5 black mambas
  An elephant (Lair:4)
  An eye of devastation (Lair:5)
  4 torpor snails
  29 spiny frogs
  7 komodo dragons
  3 rime drakes
  A polar bear (Lair:4)
  7 hornets
  2 meliai (Lair:4)
  2 trolls
  14 tyrant leeches
  11 hippogriffs
  5 bog bodies
  25 blink frogs
  10 slime creatures
  42 yaks
  5 wraiths (Lair:4)
  6 basilisks
  6 spriggans (Lair:2)
  4 wyverns
  27 vampire mosquitoes
  12 swamp worms
  Edmund (D:4)
  12 insubstantial wisps
  3 nagas (Snake:1)
  13 water moccasins
  7 porcupines
  37 orc warriors
  2 black bears
  7 swamp drakes
  4 sky beasts
  3 ice beasts
  2 phantoms
  2 necrophages (D:9)
  An eye of draining (Lair:5)
  9 ogres
  24 wolves
  16 crocodiles
  18 centaurs
  Blork the orc (D:5)
  2 gnoll sergeants
  24 bullfrogs
  3 scorpions (D:8)
  40 killer bees
  9 wights
  2 electric eels
  4 howler monkeys
  5 crimson imps
  9 hounds
  2 quasits
  A bullfrog zombie (D:12)
  25 orc priests
  2 centaur skeletons
  A jelly (D:10)
  2 bullfrog skeletons
  7 iguanas
  2 hell rats (Lair:4)
  23 orc wizards
  13 worker ants
  2 hound zombies
  A worker ant zombie (D:5)
  14 gnolls
  17 adders
  A river rat (Lair:4)
  A howler monkey skeleton (D:8)
  2 shadow imps
  2 oozes (D:1)
  An adder zombie (D:8)
  An adder skeleton (D:10)
  5 worms
  2 dart slugs
  8 leopard geckos
  101 orcs
  3 giant cockroaches
  5 goblins
  4 hobgoblins
  11 jackals
  6 kobolds
  6 quokkas
  7 bats
  4 frilled lizards
  A leopard gecko skeleton (D:4)
  6 rats
  2 briar patches (Swamp:3)
835 creatures vanquished.

Vanquished Creatures (others)
  Jorgrun (D:12)
  2 thorn hunters (Swamp:3)
  A hydra (Lair:4)
  3 alligators
  A death yak (Lair:4)
  Sonja (D:12)
  A cyclops (D:12)
  4 elephants
  A spiny frog (Lair:6)
  A komodo dragon (Lair:6)
  A queen bee (Lair:4)
  A meliai (Lair:4)
  9 yaks
  A vampire mosquito (Swamp:3)
  A soldier ant (D:12)
  2 swamp worms (Swamp:3)
  A swamp drake (Swamp:1)
  An orc warrior (D:12)
  A crocodile (Lair:6)
  A bullfrog (Lair:6)
  5 killer bees (Lair:4)
  An orc wizard (D:12)
  2 orc priests
  A hell rat (Lair:4)
  9 orcs (D:12)
  2 briar patches (Swamp:3)
  17 fungi
  69 plants
  13 starspawn tentacles
154 creatures vanquished.

Grand Total: 989 creatures vanquished

Notes
Turn   | Place    | Note
-------+----------+-------------------------------------------
     0 | Abyss:1  | rayg00n the Formicid Abyssal Knight began the quest for the
                  | Orb.
     0 | Abyss:1  | Reached XP level 1. HP: 18/18 MP: 2/2
    35 | Abyss:1  | Noticed a large abomination
    47 | D:1      | Escaped the Abyss
    51 | D:1      | Noticed an electric eel
    51 | D:1      | Noticed an electric eel
   145 | D:1      | Reached XP level 2. HP: 10/24 MP: 3/3
   501 | D:1      | Reached * piety under Lugonu
  1083 | D:1      | Reached XP level 3. HP: 30/30 MP: 4/4
  1678 | D:2      | Reached XP level 4. HP: 33/37 MP: 5/5
  2085 | D:2      | Reached skill level 1 in Dodging
  2775 | D:3      | Reached ** piety under Lugonu
  2972 | D:3      | Reached XP level 5. HP: 42/42 MP: 6/6
  3766 | D:3      | Reached XP level 6. HP: 48/48 MP: 7/7
  3954 | D:4      | Got a dazzling mace
  3966 | D:4      | Identified the +10 mace of Twilight {vorpal, *Rage rElec
                  | rF+ MR++} (You found it on level 4 of the Dungeon)
  3997 | D:4      | Noticed an orc warrior
  4318 | D:4      | Reached XP level 7. HP: 55/55 MP: 8/8
  4336 | D:4      | Reached skill level 5 in Maces & Flails
  4408 | D:4      | Noticed Edmund
  4416 | D:4      | Killed Edmund
  4416 | D:4      | Reached skill level 5 in Armour
  4723 | D:4      | Found a snail-covered altar of Cheibriados.
  4903 | D:4      | Reached XP level 8. HP: 61/61 MP: 9/9
  4907 | D:4      | Found a staircase to the Ecumenical Temple.
  4935 | D:4      | Reached skill level 1 in Shields
  5050 | D:4      | Reached *** piety under Lugonu
  5084 | D:4      | Found a sacrificial altar of Ru.
  5084 | D:4      | Found an ornate altar of the Wu Jian Council.
  5086 | D:4      | Found a glowing golden altar of the Shining One.
  5086 | D:4      | Found a shimmering altar of Xom.
  5086 | D:4      | Found a burning altar of Makhleb.
  5123 | D:5      | Entered Level 5 of the Dungeon
  5164 | D:5      | Noticed Blork the orc
  5175 | D:5      | Killed Blork the orc
  5175 | D:5      | Reached skill level 5 in Fighting
  5312 | D:5      | Noticed Prince Ribbit
  5696 | D:5      | Reached XP level 9. HP: 38/68 MP: 10/10
  6117 | D:6      | Reached skill level 5 in Shields
  6396 | D:6      | Reached skill level 1 in Stealth
  6471 | D:6      | Reached **** piety under Lugonu
  6768 | D:7      | Found a shattered altar of Ashenzari.
  7226 | D:8      | Noticed a hippogriff
  7240 | D:8      | Killed a hippogriff
  7265 | D:8      | Reached XP level 10. HP: 68/76 MP: 12/12
  7358 | D:8      | Noticed a two-headed ogre
  7391 | D:8      | Killed a two-headed ogre
  7688 | D:8      | Found a runed translucent door.
  7832 | D:8      | Found Rigeduid's Assorted Antiques.
  7840 | D:8      | Bought a scroll labeled GACARRAGUK for 27 gold pieces
  7840 | D:8      | Bought a bone wand for 108 gold pieces
  7840 | D:8      | Bought a scroll of identify for 54 gold pieces
  7840 | D:8      | Bought a worn iron wand for 108 gold pieces
  8272 | D:8      | Reached ***** piety under Lugonu
  8433 | D:8      | Found a roughly hewn altar of Beogh.
  8528 | D:9      | Found a staircase to the Lair.
  8651 | D:9      | Reached skill level 10 in Maces & Flails
  8737 | D:9      | Found a staircase to the Orcish Mines.
  8946 | D:9      | Reached XP level 11. HP: 83/83 MP: 14/14
  8975 | D:9      | Reached skill level 5 in Invocations
  9891 | D:10     | Entered Level 10 of the Dungeon
  9987 | D:10     | Noticed a two-headed ogre
  9997 | D:10     | Killed a two-headed ogre
 10168 | D:10     | Got a steaming chain mail
 10189 | D:10     | Noticed an unseen horror
 10207 | D:10     | Got a pitted quarterstaff
 10456 | D:10     | Identified the cursed +0 quarterstaff "Deih Dist" {elec,
                  | +Blink Str+7 Int-2 Dex+3} (You found it on level 10 of the
                  | Dungeon)
 10535 | D:10     | Killed an unseen horror
 10712 | D:11     | Noticed a centaur warrior
 10731 | D:11     | Killed a centaur warrior
 10758 | D:11     | Reached XP level 12. HP: 71/91 MP: 16/16
 10761 | D:11     | Noticed a two-headed ogre
 10771 | D:11     | Killed a two-headed ogre
 10771 | D:11     | Reached skill level 1 in Staves
 10864 | D:10     | Reached ****** piety under Lugonu
 10915 | D:10     | Identified the cursed +0 chain mail of the Clam {+Inv Str-4
                  | SInv} (You found it on level 10 of the Dungeon)
 10975 | Lair:1   | Entered Level 1 of the Lair of Beasts
 11978 | Lair:1   | Reached skill level 10 in Shields
 12533 | Lair:2   | Reached XP level 13. HP: 98/98 MP: 17/19
 12810 | Lair:2   | Escaped the Abyss
 12888 | Lair:2   | Found a staircase to the Swamp.
 13311 | Lair:3   | Found a staircase to the Snake Pit.
 14348 | Lair:4   | Noticed Josephine
 14399 | Lair:4   | Killed Josephine
 14549 | Lair:4   | Found a snail-covered altar of Cheibriados.
 15422 | Lair:4   | Noticed a four-headed hydra
 15432 | Lair:4   | Killed a four-headed hydra
 15507 | Lair:4   | Reached skill level 10 in Armour
 15546 | Lair:4   | Noticed a seven-headed hydra
 15566 | Lair:4   | Corrupted Lair:4
 15566 | Lair:4   | Noticed a tentacled starspawn
 15568 | Lair:4   | Noticed a profane servitor
 15568 | Lair:4   | Reached XP level 14. HP: 49/108 MP: 13/21
 15574 | Lair:4   | Noticed a cyan very ugly thing
 15576 | Lair:4   | Noticed a starcursed mass
 16144 | Lair:5   | Found a staircase to the Slime Pits.
 16184 | Lair:5   | Reached skill level 10 in Invocations
 17024 | Lair:6   | Entered Level 6 of the Lair of Beasts
 17032 | Lair:6   | Reached skill level 10 in Fighting
 17315 | Lair:6   | Reached skill level 5 in Dodging
 17627 | Lair:6   | Found a dark tunnel.
 17786 | Lair:6   | Corrupted Lair:6
 17786 | Lair:6   | Noticed a starcursed mass
 17786 | Lair:6   | Noticed a tentacled starspawn
 17786 | Lair:6   | Noticed a Hell Sentinel
 17806 | Lair:6   | Escaped the Abyss
 18228 | Lair:6   | Reached XP level 15. HP: 96/118 MP: 23/23
 18479 | Lair:6   | Found the +9 heavy crossbow "Sniper" {vorpal, Acc+∞ SInv}
 18551 | Lair:6   | Got a crystal war axe
 19027 | Snake:1  | Entered Level 1 of the Snake Pit
 19365 | Orc:1    | Entered Level 1 of the Orcish Mines
 19365 | Orc:1    | Noticed Erica
 19370 | Orc:1    | Noticed Erica
 19370 | Orc:1    | Erica changed into Erica the two-headed ogre
 19381 | D:9      | Killed Erica the two-headed ogre
 19496 | Orc:1    | Noticed Fannar
 19559 | Orc:1    | Killed Fannar
 19820 | Orc:1    | Found Fasmuint's Distillery.
 19828 | Orc:1    | Bought a potion of heal wounds for 70 gold pieces
 19828 | Orc:1    | Bought a potion of curing for 42 gold pieces
 19828 | Orc:1    | Bought a potion of heal wounds for 70 gold pieces
 19891 | Orc:2    | Entered Level 2 of the Orcish Mines
 19951 | Orc:2    | Found a staircase to the Elven Halls.
 20969 | Orc:2    | Escaped the Abyss
 21515 | Orc:2    | Found Eniwilofi's Jewellery Emporium.
 21518 | Orc:2    | Found Unuferim's General Store.
 21519 | Orc:2    | Found Zihuin's Gadget Emporium.
 21520 | Orc:2    | Found Walob's Antique Weapon Shoppe.
 21523 | Orc:2    | Bought a wand of acid (7) for 264 gold pieces
 21545 | Orc:2    | Bought the ring of Xom's Best Wishes {*Contam rC+ Dex+5}
                  | for 553 gold pieces
 21975 | D:11     | Found a transporter.
 21990 | D:11     | Noticed Nagasavi's ghost (journeyman DgFi)
 21991 | D:11     | Found a one-way gate to the infinite horrors of the Abyss.
 22001 | D:11     | Identified the +9 great mace of Responsibility {distort,
                  | rN+ MP+9 Int+3}
 22013 | D:11     | Found a transporter.
 22561 | D:12     | Noticed Jorgrun
 22583 | D:12     | Corrupted D:12
 22583 | D:12     | Noticed a lich
 22589 | D:12     | Killed Jorgrun
 22618 | D:12     | Killed Sonja
 22719 | D:12     | Identified a scroll of acquirement
 22719 | D:12     | Identified the +1 great mace of Anxiety {pain, rF+ rC+}
                  | (You acquired it on level 12 of the Dungeon)
 23370 | Swamp:1  | Entered Level 1 of the Swamp
 23393 | Swamp:1  | Reached XP level 16. HP: 127/127 MP: 24/24
 23551 | Swamp:1  | Identified the +3 lajatang "Derorila" {distort, +Rage rPois
                  | rC- rN++}
 23601 | Swamp:1  | Noticed Esebbu's ghost (adept DsAK)
 23805 | Swamp:1  | Got a bloodstained leather armour
 23941 | Swamp:1  | Escaped the Abyss
 23990 | Swamp:1  | Noticed an Executioner
 24011 | Swamp:1  | Noticed a tentacled starspawn
 24484 | Swamp:1  | Found a transporter.
 24484 | Swamp:1  | Found a transporter.
 25009 | Swamp:2  | Identified the +5 leather armour of the Forgotten Tables
                  | {Int+2} (You found it on level 1 of the Swamp)
 25516 | Swamp:2  | Reached skill level 1 in Evocations
 26343 | Swamp:3  | Noticed a thorn hunter
 26366 | Swamp:3  | Corrupted Swamp:3
 26366 | Swamp:3  | Noticed a tentacled monstrosity
 26370 | Swamp:3  | Noticed a lich
 26371 | Swamp:3  | Killed a thorn hunter
 26378 | Swamp:3  | Noticed a bone dragon
 26398 | Swamp:3  | Killed a thorn hunter
 27067 | Swamp:4  | Entered Level 4 of the Swamp
 27358 | Swamp:4  | Corrupted Swamp:4
 27358 | Swamp:4  | Noticed a tentacled starspawn
 27358 | Swamp:4  | Slain by a spectral swamp drake

Levels and vault maps discovered:
D:1:      arrival_aquarium_b, layout_basic, patterned_corridor
D:2:      layout_rooms
D:3:      layout_loops_cross, corexii_leaking_fountain
D:4:      layout_gridville, minmay_temple_entry_glass, doesnt_xom_only_xom,
          uniq_edmund
D:5:      layout_basic, first_ration, uniq_blork_the_orc, uniq_prince_ribbit1
D:6:      layout_basic
D:7:      layout_cave_pools, ashenzari_altar_1, grunt_ogre_cave
D:8:      layout_cave_pods, serial_shops, nicolae_shop_overgrown_old_shop,
          serial_park, serial_park_square2, lightli_church_of_beogh
D:9:      layout_grid_maze, lair_entry_dummy, david_orc_2, serial_park_tiny_2
D:10:     layout_long_grid
D:11:     layout_rooms, gammafunk_ghost_abyssal_escape
D:12:     layout_stronghold, minmay_lizard_king, uniq_jorgrun, uniq_sonja
Lair:1:   wander_river, layout_chaotic_city, grunt_megastairs_1,
          lemuel_fruit_tree
Lair:2:   layout_regular_city, nicolae_swamp_entry_splash_gauntlet, wad_woods_01
Lair:3:   layout_cave_pods, dummy_snake_entry, st_stairs_12,
          infiniplex_staircase_pool_2
Lair:4:   regret_index_wax_grids, layout_cave_pods, kennysheep_snail_temple,
          uniq_josephine
Lair:5:   layout_regular_city, minmay_slime_entry_eyes
Lair:6:   minmay_lair_end_frog_pond, layout_cave_pods, enter_volcano_4
Swamp:1:  layout_basic_swamp, gammafunk_ghost_abyssal_escape,
          hangedman_swamp_lotus
Swamp:2:  layout_basic_swamp, evilmike_swamp_ruin_house_6
Swamp:3:  layout_basic_swamp, nicolae_swamp_feature_on_the_river_bank
Swamp:4:  byrel_swamp_growth_death_and_undeath, layout_basic_swamp
Snake:1:  hangedman_cross_stitches, layout_gridlike, serial_shops,
          nicolae_shop_statue_plus, grunt_ministairs_3, st_stairs_14,
          serial_bayou_pond_e, serial_bayou_pond_e, serial_bayou_shore_a,
          serial_bayou_shore_b, uniq_nikola, uniq_aizul
Orc:1:    layout_diamond_mine, serial_shops, nicolae_shop_trees, uniq_erica,
          uniq_fannar
Orc:2:    st_orc_pillars, layout_diamond_mine, nicolae_orc_rockfall

Skill      XL: |  1  2  3  4  5  6  7  8  9 10 11 12 13 14 15 16 |
---------------+-------------------------------------------------+-----
Maces & Flails | 3 4 5 6 8 10 12 13 14 | 14.7
Dodging        | 1 2 3 5 6 7 |  7.5
Armour         | 3 4 5 6 7 8 10 11 12 | 12.5
Fighting       | 4 5 6 7 8 9 11 12 | 12.7
Shields        | 3 6 7 8 10 11 12 13 14 | 14.9
Stealth        | 1 2 3 |  3.0
Invocations    | 4 6 8 9 10 11 12 | 12.0
Staves         | 1 |  1.1
Evocations     | 1 |  1.1

Action                   |  1- 3 |  4- 6 |  7- 9 | 10-12 | 13-15 | 16-18 || total
-------------------------+-------+-------+-------+-------+-------+-------++-------
Melee: Mace              |    83 |   177 |   280 |   681 |  1758 |   512 ||  3491
       Quarterstaff      |       |       |       |     5 |       |       ||     5
Invok: Depart the Abyss  |     1 |       |       |       |     3 |     1 ||     5
       Corrupt           |       |       |       |       |     3 |     2 ||     5
       Enter the Abyss   |       |       |       |       |     3 |     1 ||     4
       Bend Space        |       |       |       |       |       |     1 ||     1
 Abil: Dig               |       |       |       |     3 |    26 |     5 ||    34
Evoke: Wand              |       |       |       |     1 |     7 |    18 ||    26
  Use: Scroll            |       |    12 |    10 |     9 |     7 |     4 ||    42
       Potion            |       |     1 |       |     3 |    22 |     5 ||    31
  Eat: Chunk             |     2 |     6 |     9 |    18 |    39 |     6 ||    80
       Ration            |       |     1 |       |       |     2 |     3 ||     6
Armor: Leather armour    |    31 |     1 |       |       |       |       ||    32
       Ring mail         |       |    58 |       |       |       |       ||    58
       Plate armour      |       |    20 |     7 |       |       |       ||    27
       Chain mail        |       |       |   126 |   281 |   410 |   157 ||   974
       Skin              |       |       |       |       |    47 |       ||    47
Dodge: Dodged            |    58 |    96 |    68 |   208 |   363 |   149 ||   942
Block: Kite shield       |       |       |   132 |   478 |  1046 |   404 ||  2060
       Reflection        |       |       |       |     6 |       |       ||     6

Table legend:
 A = Non-vault XP
 B = Vault XP
 C = Vault XP percentage of total XP
 D = Non-vault monster count
 E = Vault monster count
 F = Vault count percentage of total count
                 A         B        C        D         E       F
            +---------+---------+-------+---------+---------+-------
      Total |   96570 |   42286 |  30.5 |     618 |     220 |  26.3
            +---------+---------+-------+---------+---------+-------
        D:1 |      56 |       0 |   0.0 |      25 |       0 |   0.0
        D:2 |      76 |       0 |   0.0 |      16 |       0 |   0.0
        D:3 |     264 |       0 |   0.0 |      23 |       0 |   0.0
        D:4 |     603 |     169 |  21.9 |      28 |       1 |   3.4
        D:5 |     822 |      99 |  10.7 |      29 |       1 |   3.3
        D:6 |    1051 |       0 |   0.0 |      19 |       0 |   0.0
        D:7 |     347 |     121 |  25.9 |      14 |       1 |   6.7
        D:8 |    2269 |     719 |  24.1 |      36 |      25 |  41.0
        D:9 |    1897 |    1054 |  35.7 |      37 |       8 |  17.8
       D:10 |    5401 |       0 |   0.0 |      31 |       0 |   0.0
       D:11 |    6446 |       0 |   0.0 |      35 |       0 |   0.0
       D:12 |    2844 |    2169 |  43.3 |      28 |       9 |  24.3
     Lair:1 |    6986 |     520 |   6.9 |      37 |       2 |   5.1
     Lair:2 |    2370 |    2464 |  51.0 |      13 |      13 |  50.0
     Lair:3 |    4155 |       0 |   0.0 |      21 |       0 |   0.0
     Lair:4 |    4196 |    9511 |  69.4 |      21 |      51 |  70.8
     Lair:5 |    7653 |     946 |  11.0 |      30 |       4 |  11.8
     Lair:6 |   10810 |   12388 |  53.4 |      32 |      47 |  59.5
    Swamp:1 |    9605 |       0 |   0.0 |      30 |       0 |   0.0
    Swamp:2 |    9601 |       0 |   0.0 |      27 |       0 |   0.0
    Swamp:3 |    7367 |       0 |   0.0 |      21 |       0 |   0.0
    Swamp:4 |    2834 |       0 |   0.0 |       9 |       0 |   0.0
    Snake:1 |    3144 |     323 |   9.3 |       6 |       2 |  25.0
      Orc:1 |    3729 |     986 |  20.9 |      31 |       1 |   3.1
      Orc:2 |    2044 |   10817 |  84.1 |      19 |      55 |  74.3
            +---------+---------+-------+---------+---------+-------
